 Dungeon Crawl Stone Soup version 0.29-a0-322-g68df515428 (webtiles) character file.

Game seed: 12749520821501426205

220 FancyPenguin the Covered (level 5, -1/49 HPs)
             Began as a Deep Dwarf Fighter on Apr 9, 2022.
             Slain by a wyvern zombie (9 damage)
             ... on level 3 of the Dungeon.
             The game lasted 00:16:58 (2534 turns).

FancyPenguin the Covered (Deep Dwarf Fighter)       Turns: 2534, Time: 00:17:02

Health: -1/49      AC:  7    Str: 21    XL:     5   Next: 64%
Magic:  2/2        EV: 10    Int:  9    God:
Gold:   144        SH:  4    Dex: 12    Spells: 4/4 levels left

rFire   . . .      SeeInvis .   p - +2 short sword (venom)
rCold   . . .      Faith    .   c - +0 buckler
rNeg    . . .      Spirit   .   b - +0 scale mail
rPois   .          Reflect  .   (no helmet)
rElec   .          Harm     .   (no cloak)
rCorr   .          Rampage  .   (no gloves)
Will    .....                   (no boots)
Stlth   ..........              (no amulet)
HPRegen 0.00/turn               (no ring)
MPRegen 0.08/turn               (no ring)

@: no status effects
A: damage resistance, heal wounds, sense surroundings 1, no regeneration
a: Heal Wounds


You were on level 3 of the Dungeon.
You visited 1 branch of the dungeon, and saw 3 of its levels.

You collected 144 gold pieces.

Inventory:

Hand Weapons
 a - a +0 war axe
 f - a +0 whip
 i - a +0 mace
 j - a +0 dagger
 n - a +0 club
 o - a +0 short sword
 p - a +2 short sword of venom (weapon)
 q - a +0 hand axe
 s - a +0 short sword
 x - a +0 whip
 y - a +0 trident
 z - a +0 short sword
 I - a +0 mace
Missiles
 l - 72 stones
 m - 5 poisoned darts
Armour
 b - a +0 scale mail (worn)
 c - a +0 buckler (worn)
 e - a +0 robe
 h - a +0 ring mail
Jewellery
 E - a ring of wizardry
Wands
 B - a wand of iceblast (10)
Scrolls
 r - 2 scrolls of teleportation {unknown}
 t - a scroll of holy word {unknown}
 u - a scroll of immolation {unknown}
 v - a scroll of enchant armour {unknown}
 w - a scroll of amnesia {unknown}
 C - a scroll of noise {unknown}
 D - 2 scrolls of identify {unknown}
 F - a scroll of vulnerability {unknown}
 H - a scroll of enchant weapon {unknown}
Potions
 d - a potion of might
 g - a potion of heal wounds {unknown}
 k - 2 potions of degeneration {unknown}
 A - 2 potions of curing {unknown}
 G - a potion of lignification {unknown}


   Skills:
 + Level 3.3 Fighting
 + Level 1.9 Short Blades
 + Level 3.1 Axes
 + Level 4.7 Armour
 + Level 1.7 Dodging
 + Level 3.8 Shields


You had 4 spell levels left.
You didn't know any spells.
Your spell library contained the following spells:

 Spells                   Type           Power      Damage    Failure   Level
 Corpse Rot               Necr/Air       0%         N/A       91%         2
 Poisonous Vapours        Pois/Air       0%         N/A       91%         2


Dungeon Overview and Level Annotations

Branches:
Dungeon (3/15)

Altars:
Dithmenos
Okawaru


Innate Abilities, Weirdness & Mutations

You are resistant to damage.
You can heal yourself by infusing magical energy.
You passively map a small area around you.
You do not regenerate.


Message History

You block the bullfrog skeleton's attack.
The bullfrog skeleton barely misses you.
You block the wyvern zombie's attack. The bullfrog skeleton hits you.
You hit the bullfrog skeleton.
The bullfrog skeleton is heavily damaged.
The bullfrog skeleton closely misses you.
The wyvern zombie bites you.
You block the bullfrog skeleton's attack.
The bullfrog skeleton hits you but does no damage.
You barely miss the bullfrog skeleton.
The bullfrog skeleton is heavily damaged.
The wyvern zombie bites you!
The bullfrog skeleton barely misses you.
The bullfrog skeleton hits you. The wyvern zombie bites you.
You barely miss the bullfrog skeleton.
The bullfrog skeleton is heavily damaged.
The bullfrog skeleton hits you but does no damage.
The wyvern zombie bites you but does no damage.
The bullfrog skeleton hits you but does no damage.
The bullfrog skeleton closely misses you.
You block the wyvern zombie's attack.
You block the bullfrog skeleton's attack.
You hit the bullfrog skeleton.
The bullfrog skeleton is heavily damaged.
You block the bullfrog skeleton's attack.
The wyvern zombie bites you but does no damage.
The bullfrog skeleton hits you but does no damage.
You hit the bullfrog skeleton.
The bullfrog skeleton is severely damaged.
You block the bullfrog skeleton's attack.
The wyvern zombie bites you but does no damage.
The bullfrog skeleton closely misses you.
The bullfrog skeleton hits you but does no damage.
You hit the bullfrog skeleton.
The bullfrog skeleton is severely damaged.
The wyvern zombie bites you!
* * * LOW HITPOINT WARNING * * *
The bullfrog skeleton hits you but does no damage. x2
The wyvern zombie bites you!
You die...

* #..# ..#.## #.#.#
## #.#.######*######.
#.#..#.#.#.#....#.
#.#..#.....#......
#....'...[##......
#####Z..'...(.#......
#...@Z..'....##......
#....Z..#.....#......
#.......#.#.#.#......
#.......#######......
#....................
#.....†.....##.....##
#..........###.##..<.
#..........##..##....
#..........#...##....


You could see a wyvern zombie and 2 bullfrog skeletons.

Vanquished Creatures
  The ghost of Drazool the Ogre Mage, an amateur OgWz of Uskayaw (D:3)
  5 adders
  2 gnolls (D:3)
  A worm (D:2)
  A dart slug (D:3)
  2 orcs (D:3)
  5 endoplasms
  2 goblins
  9 hobgoblins
  5 kobolds
  5 quokkas
  8 ball pythons
  4 bats
  2 frilled lizards
  6 rats
  A spectral kobold (D:1)
59 creatures vanquished.

Notes
Turn   | Place    | Note
-------+----------+-------------------------------------------
     0 | D:1      | FancyPenguin the Deep Dwarf Fighter began the quest for the
                  | Orb.
     0 | D:1      | Reached XP level 1. HP: 20/20 MP: 1/1
   612 | D:1      | Found a faded altar of an unknown god.
   739 | D:1      | Reached XP level 2. HP: 24/27 MP: 1/1
  1252 | D:2      | Reached XP level 3. HP: 34/34 MP: 2/2
  1726 | D:2      | Reached XP level 4. HP: 25/42 MP: 3/3
  1934 | D:3      | Reached skill level 4 in Armour
  2138 | D:3      | Found a shadowy altar of Dithmenos.
  2337 | D:3      | Found an iron altar of Okawaru.
  2349 | D:3      | Reached skill level 1 in Dodging
  2356 | D:3      | Reached skill level 1 in Short Blades
  2457 | D:3      | Found a runed translucent gate.
  2457 | D:3      | Found a runed translucent gate.
  2459 | D:3      | Found a runed translucent gate.
  2460 | D:3      | Noticed Drazool's ghost (amateur OgWz)
  2514 | D:3      | Killed Drazool's ghost
  2515 | D:3      | Reached XP level 5. HP: 19/49 MP: 3/3
  2520 | D:3      | HP: 1/49 [wyvern zombie (9)]
  2534 | D:3      | Slain by a wyvern zombie

Illustrated notes

Levels and vault maps discovered:
D:1:      minmay_arrival_glassed_features, layout_basic,
          dreamdust_ecumenical_altar_drowned_temple
D:2:      layout_basic, hex_large
D:3:      layout_rooms, nicolae_dithmenos_the_darkroom,
          okawaru_altar_gauntlet_db, gammafunk_ghost_necromancy

Skill      XL: |  1  2  3  4 |
---------------+-------------+-----
Fighting       | 3 |  3.3
Axes           | 3 |  3.1
Armour         | 4 |  4.7
Dodging        | 1 |  1.7
Short Blades   | 1 |  1.9
Shields        | |  3.8

Action                   |  1- 3 |  4- 6 || total
-------------------------+-------+-------++-------
Melee: War axe           |    46 |       ||    46
       Short sword       |    47 |   104 ||   151
 Abil: Heal Wounds       |     3 |     5 ||     8
Armor: Scale mail        |    53 |   109 ||   162
Dodge: Dodged            |    57 |    97 ||   154
Block: Buckler           |    33 |    57 ||    90

Table legend: (Time is in decaauts)
 A = Elapsed time spent in this place.
 B = Non-inter-level travel time spent in this place.
 C = Inter-level travel time spent in this place.
 D = Time resting spent in this place.
 E = Time spent auto-exploring this place.
 F = Levels seen in this place.
 G = Mean time per level.
                   A        B        C        D        E       F      G
               +--------+--------+--------+--------+--------+-----+--------+
         Total |   2592 |   2582 |     10 |      0 |     18 |   3 |  864.0 |
       Dungeon |   2592 |   2582 |     10 |      0 |     18 |   3 |  864.0 |
               +--------+--------+--------+--------+--------+-----+--------+

Top non-repeatable levels by time:
     D:1: 1268 daAuts
     D:2: 696 daAuts
     D:3: 627 daAuts
